 Dungeon Crawl Stone Soup version 0.27-a0-1324-ge0d8e047f6 (webtiles) character file.

Game seed: 859618869162010752

9743 Froggeryz the Severer (level 11, -9/123 (129) HPs)
             Began as a Barachi Berserker on June 23, 2021.
             Was a High Priest of Trog.
             Mangled by a freezing wraith (22 damage)
             ... led by a death knight
             ... on level 11 of the Dungeon.
             The game lasted 00:10:20 (12371 turns).

Froggeryz the Severer (Barachi Berserker)          Turns: 12371, Time: 00:10:20

HP:   -9/123 (129)  AC: 13    Str: 21    XL:     11   Next: 51%
MP:   11/11         EV: 10    Int:  7    God:    Trog [*****.]
Gold: 459           SH:  0    Dex: 13    Spells: 10/10 levels left

rFire    + . .     SeeInvis .   B - +2 war axe (flame)
rCold    . . .     Faith    +   (no shield)
rNeg     . . .     Spirit   .   e - +0 scale mail
rPois    .         Reflect  .   E - +0 helmet
rElec    .         Harm     .   (no cloak)
rCorr    .         Rampage  .   (no gloves)
Will     .....                  (no boots)
Stlth    ..........             h - amulet of faith
HPRegen  0.30/turn              i - ring of protection from fire
MPRegen  0.12/turn              z - +4 ring of protection

@: berserking, slowed, studying Invocations, lightly drained, slow
A: amphibious, slowness 1, strong legs 1, +LOS
a: Hop, Renounce Religion, Berserk, Trog's Hand, Brothers in Arms


You were on level 11 of the Dungeon.
You worshipped Trog.
Trog was extremely pleased with you.
You visited 1 branch of the dungeon, and saw 11 of its levels.

You collected 503 gold pieces.
You spent 44 gold pieces at shops.

Inventory:

Hand Weapons
 B - a +2 war axe of flaming (weapon)
Missiles
 k - 27 poisoned darts
 l - 3 boomerangs of dispersal
 n - 5 atropa-tipped darts
 s - a curare-tipped dart
 G - a throwing net
Armour
 e - a +0 scale mail (worn)
 E - a +0 helmet (worn)
Jewellery
 h - an amulet of faith (around neck)
 i - a ring of protection from fire (left hand)
 y - a ring of protection from fire
 z - a +4 ring of protection (right hand)
 D - a ring of willpower
Wands
 a - a wand of iceblast (4)
 o - a wand of charming (7)
 q - a wand of acid (11)
 u - a wand of flame (45)
Scrolls
 b - 5 scrolls of teleportation
 f - 2 scrolls of noise
 g - 4 scrolls of fog
 j - a scroll of enchant weapon
 t - a scroll of enchant armour
 A - a scroll of magic mapping
 C - a scroll of blinking {unknown}
 H - a scroll of identify
 I - a scroll of immolation {unknown}
Potions
 c - 3 potions of curing
 d - 3 potions of lignification
 m - a potion of cancellation {unknown}
 p - 3 potions of heal wounds
 r - a potion of might
 v - a potion of attraction {unknown}
 w - a potion of invisibility {unknown}
 x - a potion of ambrosia {unknown}
 F - a potion of haste {unknown}


   Skills:
 + Level 8.1 Fighting
 - Level 16.2 Axes
 + Level 7.6 Armour
 - Level 2.1 Dodging


You had 10 spell levels left.
You didn't know any spells.
Your spell library was empty.

Dungeon Overview and Level Annotations

Branches:
Dungeon (11/15)            Temple (0/1) D:7
   Lair: D:8-11         Orc: D:9-12

Altars:
Fedhas
Makhleb
Trog
Uskayaw

Shops:
D:1 !   D:4 *?   D:5 [


Innate Abilities, Weirdness & Mutations

You are amphibious.
You cover ground slowly.
You can hop short distances.
You have an extended range of vision and can be seen from far away.


Message History

You feel yourself slow down.
A skeletal warrior comes into view.
It is wielding a +2 scimitar of draining.
You slash the wraith! You burn the wraith.
The wraith is heavily damaged.
The wraith hits you!
You slash the wraith! You burn the wraith.
The wraith is almost destroyed.
The wraith hits you.
Your scale mail prevents you from hitting the wraith.
The wraith is almost destroyed.
You hit the freezing wraith but do no damage.
The wraith hits you but does no damage.
The freezing wraith hits you but does no damage.
The freezing wraith hits you. The freezing wraith drains your vigour!
You feel as though you will be slow longer.
You hit the wraith. You burn the wraith.
You destroy the wraith!
Trog accepts your kill.
You slash the freezing wraith! You burn the freezing wraith.
The freezing wraith hits you! The freezing wraith freezes you!
The freezing wraith hits you but does no damage.
You closely miss the freezing wraith.
The freezing wraith is heavily damaged.
The freezing wraith barely misses you. x2
You barely miss the freezing wraith.
The freezing wraith is heavily damaged.
The freezing wraith hits you! The freezing wraith freezes you!
The freezing wraith closely misses you.
A red film seems to cover your vision as you go berserk!
You feel yourself moving faster!
You feel mighty!
The freezing wraith hits you but does no damage.
The freezing wraith closely misses you.
The skeletal warrior hits you with a +2 scimitar of draining!!
* * * LOW HITPOINT WARNING * * *
You feel drained.
* * * LOW HITPOINT WARNING * * *
The freezing wraith hits you.
* * * LOW HITPOINT WARNING * * *
The freezing wraith freezes you!!
You die...

##....................#
#.....................#
#.....................#
#.....................#
#............<........#
#.....................#
.##................######
.......W...........#
#......z@...[.....##
...........##.##.##
######.......)...#
###.#.###.<## ...#.# #..#
##....< ##.# ...##.. ...
##### ##....# .##.#


You could see a skeletal warrior and a freezing wraith.

Vanquished Creatures
  Erica (D:8)
  A hydra (D:11)
  2 two-headed ogres
  An ugly thing (D:10)
  A cyclops (D:7)
  A gargoyle (D:10)
  A komodo dragon (D:5)
  2 trolls
  2 vampires (D:10)
  A wraith (D:11)
  A wyvern (D:10)
  5 yaks (D:8)
  A steam dragon (D:9)
  Menkaure (D:4)
  An acid dragon (D:9)
  3 water moccasins
  2 black bears
  An orc warrior (D:7)
  An ice beast (D:7)
  A sky beast (D:8)
  2 ogres
  A necrophage (D:5)
  3 phantoms (D:6)
  2 centaurs
  2 kobold brigands
  Blork the orc (D:6)
  2 bullfrogs
  A gnoll sergeant (D:8)
  2 scorpions
  4 killer bees (D:10)
  3 howler monkeys (D:8)
  4 centaur zombies
  3 hounds
  4 jellies
  2 bullfrog zombies (D:5)
  2 orc priests
  A bullfrog skeleton (D:6)
  2 centaur skeletons
  Jessica (D:2)
  2 iguanas (D:6)
  2 orc wizards
  Terence (D:2)
  2 killer bee zombies
  3 gnolls (D:8)
  10 adders
  An adder skeleton (D:3)
  3 worms
  A dart slug (D:2)
  19 orcs
  7 bats
  6 endoplasms
  3 giant cockroaches
  8 goblins
  8 hobgoblins
  2 jackals (D:2)
  5 quokkas
  7 ball pythons
  10 frilled lizards
  10 kobolds
  9 rats
191 creatures vanquished.

Notes
Turn   | Place    | Note
-------+----------+-------------------------------------------
     0 | D:1      | Froggeryz the Barachi Berserker began the quest for the
                  | Orb.
     0 | D:1      | Reached XP level 1. HP: 18/18 MP: 1/1
   195 | D:1      | Reached XP level 2. HP: 24/24 MP: 2/2
   216 | D:1      | Reached skill level 4 in Axes
   222 | D:1      | Found a faded altar of an unknown god.
   288 | D:1      | Found Kuceh's Distillery.
   991 | D:2      | Noticed Terence
   999 | D:2      | Killed Terence
  1000 | D:2      | Reached XP level 3. HP: 29/29 MP: 3/3
  1039 | D:2      | Reached skill level 5 in Axes
  1232 | D:2      | Reached ** piety under Trog
  1320 | D:2      | Reached XP level 4. HP: 34/36 MP: 4/4
  1572 | D:2      | Noticed Jessica
  1581 | D:2      | Killed Jessica
  1953 | D:3      | Reached skill level 6 in Axes
  1973 | D:3      | Reached XP level 5. HP: 41/41 MP: 5/5
  2299 | D:3      | Reached *** piety under Trog
  2949 | D:4      | Found Sury's General Store.
  3052 | D:4      | Reached skill level 7 in Axes
  3052 | D:4      | Reached XP level 6. HP: 33/47 MP: 6/6
  3856 | D:4      | Reached skill level 8 in Axes
  4130 | D:4      | Noticed Menkaure
  4290 | D:4      | Killed Menkaure
  4291 | D:4      | Reached XP level 7. HP: 21/52 MP: 7/7
  4511 | D:4      | Bought a potion of might for 44 gold pieces
  4556 | D:4      | Reached skill level 9 in Axes
  4957 | D:4      | Found Noakhits's Magic Scroll Emporium.
  4998 | D:5      | Entered Level 5 of the Dungeon
  5476 | D:5      | Found Webre's Armour Emporium.
  5534 | D:5      | Reached skill level 10 in Axes
  5611 | D:5      | Reached XP level 8. HP: 54/59 MP: 8/8
  6293 | D:5      | Noticed a komodo dragon
  6307 | D:5      | Killed a komodo dragon
  6308 | D:5      | Reached skill level 11 in Axes
  6691 | D:6      | Reached skill level 12 in Axes
  6859 | D:6      | Reached **** piety under Trog
  6985 | D:6      | Reached XP level 9. HP: 56/64 MP: 9/9
  7272 | D:6      | Noticed Blork the orc
  7281 | D:6      | Killed Blork the orc
  7287 | D:6      | Found a hide-covered altar of Uskayaw.
  7627 | D:7      | Reached skill level 13 in Axes
  8084 | D:7      | Found a staircase to the Ecumenical Temple.
  8214 | D:7      | Found a burning altar of Makhleb.
  8215 | D:7      | Noticed a cyclops
  8218 | D:7      | Noticed a troll
  8220 | D:7      | Noticed a two-headed ogre
  8224 | D:7      | Killed a cyclops
  8225 | D:7      | Reached skill level 14 in Axes
  8229 | D:7      | Killed a two-headed ogre
  8230 | D:7      | Reached XP level 10. HP: 36/70 MP: 10/10
  8231 | D:7      | Reached skill level 15 in Axes
  8797 | D:7      | Found a blossoming altar of Fedhas.
  8857 | D:8      | Noticed Erica
  8868 | D:8      | Killed Erica
  9201 | D:8      | Identified the +0 leather armour of Bereyshre {rCorr Str+3
                  | Dex+3}
  9290 | D:8      | Reached ***** piety under Trog
  9293 | D:8      | Reached skill level 16 in Axes
 10113 | D:9      | Found a bloodstained altar of Trog.
 10116 | D:9      | You fall into a shaft and drop 1 floor!
 10116 | D:10     | Entered Level 10 of the Dungeon
 10285 | D:10     | Reached skill level 5 in Fighting
 10892 | D:9      | Reached XP level 11. HP: 80/80 MP: 11/11
 11135 | D:10     | Reached skill level 5 in Armour
 11659 | D:10     | Noticed a red ugly thing
 11672 | D:10     | Killed a red ugly thing
 11875 | D:10     | Received a gift from Trog
 12237 | D:11     | Noticed a five-headed hydra
 12238 | D:11     | Noticed a two-headed ogre
 12245 | D:11     | Killed a two-headed hydra
 12247 | D:11     | Killed a two-headed ogre
 12364 | D:11     | Noticed a skeletal warrior
 12371 | D:11     | Mangled by a freezing wraith

Illustrated notes

Levels and vault maps discovered:
D:1:      minmay_arrival_solitary_statue, layout_basic, serial_shops,
          nicolae_square_shop, basic_ecumenical_altar, grunt_decor_one_mirror,
          hangedman_abyss_or_decor_lesser_grid
D:2:      layout_loops_ring, grunt_ministairs_9, uniq_terence, uniq_jessica
D:3:      layout_basic, serial_glass, glass_columns_a, glass_columns_a,
          due_unseen_surprise, feat_on_display, feat_on_display,
          minmay_strange_pillars, minmay_misc_feat_roman, minmay_joined_circles
D:4:      layout_gridville, serial_shops, nicolae_shop_window_shopping,
          kennysheep_mini, uniq_menkaure
D:5:      kennysheep_big_flooded_room, layout_basic, serial_shops,
          nicolae_stop_n_shop_1
D:6:      layout_rooms, nicolae_uskayaw_dance_hall, uniq_blork_the_orc
D:7:      minmay_cornered_nines, layout_cave_pools,
          nicolae_overflow_hidden_temple, minmay_temple_entry_butterflies
D:8:      layout_gridville, uniq_erica
D:9:      layout_loops_cross, bloody_trog, grunt_ministairs_11
D:10:     layout_loops_ring
D:11:     layout_rooms, erik_lair_dragon, ebering_ghost_reflecting_pool,
          minmay_microvault

Skill      XL: |  1  2  3  4  5  6  7  8  9 10 11 |
---------------+----------------------------------+-----
Axes           | 4 5 6 7 8 10 12 14 16 | 16.2
Fighting       | 5 8 |  8.1
Armour         | 4 7 |  7.6
Dodging        | |  2.1

Action                   |  1- 3 |  4- 6 |  7- 9 | 10-12 || total
-------------------------+-------+-------+-------+-------++-------
Melee: Hand axe          |    95 |   191 |       |       ||   286
       War axe           |       |    39 |   227 |   178 ||   444
Invok: Berserk           |     1 |     4 |     6 |     6 ||    17
  Use: Scroll            |     1 |       |       |    12 ||    13
       Potion            |       |     1 |       |       ||     1
Armor: Animal skin       |    14 |       |       |       ||    14
       Scale mail        |    20 |    81 |   103 |    68 ||   272
Dodge: Dodged            |    68 |   100 |   109 |    75 ||   352

Table legend: (Time is in decaauts)
 A = Elapsed time spent in this place.
 B = Non-inter-level travel time spent in this place.
 C = Inter-level travel time spent in this place.
 D = Time resting spent in this place.
 E = Time spent auto-exploring this place.
 F = Levels seen in this place.
 G = Mean time per level.
                   A        B        C        D        E       F      G
               +--------+--------+--------+--------+--------+-----+--------+
         Total |  13477 |  13215 |    262 |   2800 |   8946 |  11 | 1225.2 |
       Dungeon |  13477 |  13215 |    262 |   2800 |   8946 |  11 | 1225.2 |
               +--------+--------+--------+--------+--------+-----+--------+

Top non-repeatable levels by time:
     D:3: 1733 daAuts
     D:5: 1594 daAuts
    D:10: 1572 daAuts
     D:4: 1563 daAuts
     D:7: 1401 daAuts
     D:6: 1303 daAuts
     D:2: 1180 daAuts
     D:8: 1178 daAuts
     D:1: 966 daAuts
     D:9: 884 daAuts
    D:11: 100 daAuts
